 Dungeon Crawl Stone Soup version 0.30-a0-266-g2b27a225a3 (webtiles) character file.

Game seed: 17429011744293575835

111 MrRokkomies the Sneak (level 4, -2/41 HPs)
             Began as an Armataur Delver on Oct 14, 2022.
             Slain by a gnoll
             ... wielding a +0 flail
              (8 damage)
             ... on level 2 of the Dungeon.
             The game lasted 00:03:21 (779 turns).

MrRokkomies the Sneak (Armataur Delver)              Turns: 779, Time: 00:03:22

Health: -2/41      AC:  6    Str: 17    XL:     4   Next: 62%
Magic:  4/4        EV:  8    Int: 10    God:
Gold:   141        SH:  5    Dex: 14    Spells: 3/3 levels left

rFire   . . .      SeeInvis .    s - +2 rapier (elec)
rCold   . . .      Faith    .    (no shield)
rNeg    . . .      Spirit   .    n - +0 ring mail
rPois   .          Reflect  +    (no helmet)
rElec   .          Harm     .    (no cloak)
rCorr   .          Roll     +    (no gloves)
Will    .....                    (no barding)
Stlth   ++........               u - amulet of reflection
HPRegen 0.26/turn                (no ring)
MPRegen 0.09/turn                (no ring)

@: no status effects
A: large, rugged brown scales 3, deformed body, armoured tail, roll, long
tongue, awkward tongue
a: no special abilities


You were on level 2 of the Dungeon.
You visited 1 branch of the dungeon, and saw 4 of its levels.

You collected 141 gold pieces.

Inventory:

Hand Weapons
 a - a +0 mace
 s - a +2 rapier of electrocution (weapon)
Missiles
 b - 2 boomerangs (quivered)
 k - 2 poisoned darts
 r - 3 javelins
Armour
 n - a +0 ring mail (worn)
Jewellery
 u - an amulet of reflection (around neck)
Wands
 g - a wand of digging (3)
Scrolls
 c - a scroll of fog
 d - a scroll of magic mapping
 e - a scroll of fear
 h - 3 scrolls of identify {unknown}
 i - a scroll of poison {unknown}
 j - a scroll of enchant armour {unknown}
 l - a scroll of immolation {unknown}
 q - a scroll of teleportation {unknown}
Potions
 f - 2 potions of haste
 m - a potion of mutation {unknown}
 o - a potion of flight {unknown}
 p - 2 potions of heal wounds {unknown}
 t - a potion of cancellation {unknown}


   Skills:
 * Level 3.6 Fighting
 * Level 1.4 Short Blades
 - Level 1.7 Maces & Flails
 + Level 2.6 Armour
 - Level 1.3 Dodging
 + Level 5.8 Stealth


You had 3 spell levels left.
You didn't know any spells.
Your spell library was empty.

Dungeon Overview and Level Annotations

Branches:
Dungeon (5/15)
 Temple: D:4-7

Altars:

Annotations:
D:3 1 runed translucent door


Innate Abilities, Weirdness & Mutations

You are completely covered in rugged brown scales. (AC +3, +7% HP)
Armour fits poorly on your strangely shaped body.
You have a long armoured tail.
You roll when moving toward enemies. (Rampage)
Your long tongue fully drains potion bottles. (2x potion effects)
Your tongue gives you trouble enunciating. (1.5x scroll delay)


Message History

You roll towards the gnoll!
You hit the gnoll. Lightning courses through the gnoll!
You kill the gnoll!
You block the gnoll's attack.
You roll towards the gnoll!
You hit the gnoll.
The gnoll is heavily wounded.
The gnoll hits you with a +0 spear.
You hit the gnoll.
The gnoll is almost dead.
The gnoll barely misses you.
You completely miss the gnoll.
Your tail-slap misses the gnoll.
The gnoll is almost dead.
The gnoll hits you with a +0 spear.
You hit the gnoll but do no damage.
The gnoll is almost dead.
The gnoll hits you with a +0 spear!
You completely miss the gnoll.
The gnoll is almost dead.
The gnoll hits you with a +0 spear. The gnoll hits you but does no damage.
You puncture the gnoll! Lightning courses through the gnoll!
You kill the gnoll!
You barely miss the gnoll. The gnoll hits you but does no damage.
You hit the gnoll.
The gnoll is lightly wounded.
The gnoll hits you with a +0 flail.
You closely miss the gnoll.
The gnoll is lightly wounded.
The gnoll hits you with a +0 flail!
* * * LOW HITPOINT WARNING * * *
You hit the gnoll.
The gnoll is heavily wounded.
The gnoll misses you.
You hit the gnoll.
The gnoll is almost dead.
The gnoll hits you with a +0 flail.
* * * LOW HITPOINT WARNING * * *
You hit the gnoll but do no damage.
The gnoll is almost dead.
The gnoll hits you with a +0 flail!
You die...

# # ... # #.# #
#.# # #.# # #.#
## #r# .# #g#
.# #####@# .#
..##)# .# #.
#.##.# .# #
#.##.##.## .#
#.#.#........#
.#
##.#.#.##.#####
.# ........#.#
.###.....#..#.#
..............#


You could see a gnoll and a quokka.

Vanquished Creatures
  An orc priest (D:3)
  An adder (D:3)
  3 gnolls (D:2)
  2 worms (D:2)
  7 orcs (D:3)
  2 endoplasms
  A goblin (D:3)
  2 hobgoblins
  2 quokkas (D:2)
  4 ball pythons
  2 bats (D:2)
  4 frilled lizards
  4 kobolds
  2 rats
37 creatures vanquished.

Notes
Turn   | Place    | Note
-------+----------+-------------------------------------------
     0 | D:5      | MrRokkomies the Armataur Delver began the quest for the
                  | Orb.
     0 | D:5      | Reached XP level 1. HP: 19/19 MP: 1/1
    18 | D:5      | Noticed a hound
    96 | D:3      | Reached skill level 1 in Armour
    98 | D:3      | Reached XP level 2. HP: 24/26 MP: 2/2
   150 | D:3      | Found a runed translucent door.
   180 | D:3      | Reached XP level 3. HP: 12/33 MP: 3/3
   187 | D:3      | Reached skill level 1 in Short Blades
   409 | D:2      | Reached XP level 4. HP: 40/40 MP: 4/4
   779 | D:2      | Slain by a gnoll

Illustrated notes

Levels and vault maps discovered:
D:2:      layout_basic
D:3:      layout_rooms, ebering_ghost_reflecting_pool, corexii_corridor_pit,
          minivault_27, uniq_ijyb
D:4:      layout_loops_ring, minmay_temple_entry_drinking_statues, serial_shops,
          nicolae_diamond_shop, uniq_natasha, uniq_pikel
D:5:      layout_cave_pods, makhleb_altar_promises_db,
          kennysheep_okawaru_gauntlet, gammafunk_ghost_cemetery

Skill      XL: |  1  2  3 |
---------------+----------+-----
Armour         | 1 2 |  2.6
Fighting       | 3 |  3.6
Short Blades   | 1 |  1.4
Maces & Flails | |  1.7
Dodging        | |  1.3
Stealth        | |  5.8

Action                   |  1- 3 |  4- 6 || total
-------------------------+-------+-------++-------
Melee: Rapier            |    60 |    42 ||   102
       Tailslap          |     7 |     2 ||     9
       Mace              |     1 |       ||     1
Throw: Boomerang         |     1 |       ||     1
  Use: Potion            |     1 |       ||     1
 Stab: Sleeping          |     3 |     2 ||     5
Armor: Ring mail         |    23 |    14 ||    37
Dodge: Dodged            |    29 |    11 ||    40
Block: Other             |       |     4 ||     4

Table legend: (Time is in decaauts)
 A = Elapsed time spent in this place.
 B = Non-inter-level travel time spent in this place.
 C = Inter-level travel time spent in this place.
 D = Time resting spent in this place.
 E = Time spent auto-exploring this place.
 F = Levels seen in this place.
 G = Mean time per level.
                   A        B        C        D        E       F      G
               +--------+--------+--------+--------+--------+-----+--------+
         Total |    794 |    757 |     37 |     82 |    374 |   4 |  198.5 |
       Dungeon |    794 |    757 |     37 |     82 |    374 |   4 |  198.5 |
               +--------+--------+--------+--------+--------+-----+--------+

Top non-repeatable levels by time:
     D:2: 429 daAuts
     D:3: 274 daAuts
     D:4: 69 daAuts
     D:5: 21 daAuts
